 Dungeon Crawl Stone Soup version 0.30-a0-883-g5ad918d77d (webtiles) character file.

Game seed: 3726629638557295056

30945 juan097 the Nimble (level 13, -4/92 HPs)
             Began as an Octopode Brigand on Mar 15, 2023.
             Was a Follower of Uskayaw.
             Killed by divine providence
             ... invoked by an orc high priest
              (14 damage)
             ... on level 2 of the Orcish Mines.
             The game lasted 01:01:55 (14925 turns).

juan097 the Nimble (Octopode Brigand)              Turns: 14925, Time: 01:01:56

Health: -4/92      AC:  6    Str: 10    XL:     13   Next: 55%
Magic:  12/20      EV: 20    Int: 20    God:    Uskayaw [*.....]
Gold:   1270       SH: 12    Dex: 18    Spells: 12/12 levels left

rFire   + . .      SeeInvis .    a - +0 dagger (vamp)
rCold   . . .      Faith    .    j - +1 buckler {AC+3}
rNeg    . . .      Spirit   .    p - +2 hat of Dithmenos's Fury {*Slow rF+ Regen+ Slay+2}
rPois   .          Reflect  +    t - amulet of reflection
rElec   .          Rampage  .    r - +4 ring of slaying
rCorr   +                        N - ring of resist corrosion
Will    .....                    S - +4 ring of slaying
Stlth   ++++++                   l - +6 ring of intelligence
HPRegen 1.15/turn                (no ring)
MPRegen 0.17/turn                (no ring)
                                 (no ring)
                                 (no ring)

@: mighty
A: almost no armour, amphibious, 8 rings, camouflage 1, gelatinous body 1,
(nimble swimmer 1), tentacles
a: Renounce Religion, Stomp


You were on level 2 of the Orcish Mines.
You worshipped Uskayaw.
Uskayaw was aware of your devotion.
You visited 3 branches of the dungeon, and saw 16 of its levels.
You also visited: Bailey.

You collected 1704 gold pieces.
You spent 434 gold pieces at shops.

Inventory:

Hand Weapons
 a - a +0 vampiric dagger (weapon)
 b - a +0 sling
 D - a +0 quick blade
 K - a +2 dagger
 M - a +3 scimitar
 P - a +0 dagger of venom
Missiles
 c - 6 curare-tipped darts
 q - 27 poisoned darts (quivered)
 T - 2 atropa-tipped darts
Armour
 j - a +1 buckler of protection (worn)
 p - the +2 hat of Dithmenos's Fury (worn) {*Slow rF+ Regen+ Slay+2}
   (You found it on level 2 of the Dungeon)

   Slay:      It affects your accuracy & damage with ranged weapons and melee
   (+2).
   rF:        It protects you from fire.
   Regen:     It increases your rate of health regeneration.
   *Slow:     It may slow you when you take damage.
 A - a +1 kite shield of reflection
Jewellery
 l - a +6 ring of intelligence (on tentacle)
 r - a +4 ring of slaying (left tentacle)
 t - an amulet of reflection (around mantle)
 N - a ring of resist corrosion (right tentacle)
 S - a +4 ring of slaying (on tentacle)
Wands
 v - a wand of flame (10)
 B - a wand of charming (24)
 G - a wand of polymorph (30)
Scrolls
 d - 2 scrolls of magic mapping
 g - 4 scrolls of poison
 k - 6 scrolls of teleportation
 n - 2 scrolls of fog
 y - 2 scrolls of enchant armour
 C - 2 scrolls of immolation {unknown}
 J - a scroll of summoning {unknown}
 L - 2 scrolls of fear
 O - 3 scrolls of silence
 Q - a scroll of enchant weapon {unknown}
Potions
 e - 8 potions of curing
 f - 4 potions of haste
 h - 3 potions of flight
 i - a potion of heal wounds
 m - 2 potions of lignification
 u - a potion of ambrosia
 w - 6 potions of attraction
 x - 4 potions of might
 z - 4 potions of mutation
 F - 3 potions of invisibility
 H - 2 potions of cancellation
 I - 3 potions of magic
 U - a potion of resistance {unknown}


   Skills:
 - Level 10.0 Fighting
 - Level 10.0 Short Blades
 - Level 2.0 Ranged Weapons
 - Level 6.0 Throwing
 + Level 11.1 Dodging
 - Level 10.0 Stealth
 - Level 6.0 Shields
 - Level 10.0 Invocations
 - Level 6.0 Evocations


You had 12 spell levels left.
You didn't know any spells.
Your spell library contained the following spells:

 Spells                   Type           Power      Damage    Failure   Level
 Summon Small Mammal      Summ           0%         N/A       24%         1
 Lesser Beckoning         Tloc           0%         N/A       36%         2
 Static Discharge         Conj/Air       0%         2-2/arc   36%         2
 Call Canine Familiar     Summ           0%         N/A       58%         3
 Gell's Gravitas          Tloc           0%         N/A       58%         3
 Hailstorm                Conj/Ice       0%         3d3       58%         3
 Inner Flame              Hex/Fire       0%         N/A       58%         3
 Ozocubu's Armour         Ice            0%         N/A       58%         3
 Summon Guardian Golem    Hex/Summ       0%         N/A       58%         3
 Teleport Other           Tloc           0%         N/A       58%         3
 Vhi's Electric Charge    Tloc/Air       0%         N/A       58%         3
 Flame Wave               Conj/Fire      0%         2d4       94%         4
 Ice Form                 Ice/Tmut       0%         N/A       94%         4
 Sticky Flame             Conj/Fire      0%         2d3       94%         4
 Arcjolt                  Conj/Air       0%         1d10      100%        5
 Fireball                 Conj/Fire      0%         3d3       100%        5
 Iskenderun's Battlesphe  Conj           0%         2d6       100%        5
 Lightning Bolt           Conj/Air       0%         1d11      100%        5
 Conjure Ball Lightning   Conj/Air       0%         3x3d6     100%        6
 Dispersal                Tloc           0%         N/A       100%        6
 Simulacrum               Ice/Necr       0%         N/A       100%        6
 Orb of Destruction       Conj           0%         9d5       100%        7
 Ozocubu's Refrigeration  Ice            0%         4d7       100%        7
 Spellforged Servitor     Conj/Summ      0%         N/A       100%        7


Dungeon Overview and Level Annotations

Branches:
Dungeon (10/15)            Temple (0/1) D:4            Lair (4/5) D:10
 Shoals (0/4) Lair:3       Spider (0/4) Lair:3          Orc (2/2) D:9
    Elf (0/3) Orc:2        Bailey (visited)
  Slime: Lair:4-5

Altars:
Ashenzari
Cheibriados
Elyvilon
Gozag
Makhleb
Nemelex Xobeh
Trog
Uskayaw
The Shining One

Shops:
D:2 !   Orc:1 **[

Portals:
Trove: D:10 (give 15 scrolls of teleportation)

Annotations:
D:2 1 runed translucent door, Crazy Yiuf


Innate Abilities, Weirdness & Mutations

You cannot wear most types of armour.
You are amphibious.
You can wear up to eight rings at the same time.
Your skin changes colour to match your surroundings (Stealth+).
Your rubbery body absorbs attacks. (AC +1, EV +1)
((You are camouflaged when in or above water. (Stealth+)))
You have tentacles for arms and can constrict up to eight enemies at once.


Message History

An orc wizard comes into view. It is wielding a +0 dagger.
The orc wizard struggles to escape constriction.
You block the orc's attack. The orc high priest closely misses you.
The orc wizard mumbles some strange words.
The orc wizard flickers and vanishes!
Deactivating autopickup; reactivate with Ctrl-A.
Your Dodging skill increases to level 11!
The orc warrior shouts!
You puncture the orc wizard!
Reactivating autopickup.
You feel a bit more experienced.
You feel better.
You kill the orc wizard!
You hear a shout! x2
The hellwing hits you but does no damage.
The hellwing hits you.
* * * LOW HITPOINT WARNING * * *
You puncture the orc high priest!
You feel better.
You grab the orc high priest.
The orc high priest is moderately wounded.
You constrict the orc high priest.
The orc sorcerer no longer looks unusually strong.
The orc throws a boomerang.
You reflect the boomerang off an invisible shield around you!
The boomerang hits the orc!
You kill the orc!
The orc warrior unwields a +0 scimitar.
The orc warrior wields a +0 arbalest.
The orc warrior shoots a bolt.
The bolt completely misses you. The orc wizard casts a spell at you.
The magic dart hits you.
* * * LOW HITPOINT WARNING * * *
An orc priest comes into view. It is wielding a +0 mace.
The orc priest mumbles some strange prayers to Beogh against you.
Beogh smites you!
* * * LOW HITPOINT WARNING * * *
The orc hits you but does no damage.
The orc knight roars a battlecry!
The orcs go into a battle-frenzy!
The orc high priest calls down the wrath of Beogh upon you.
Beogh smites you!
You die...

........))).# ..#####
.........)....#
.......#.............##
.o.....#..............#
.o....................#
..o...................#
oo...)................#
.o.o..oo).............#
.o.o).)@))............#
....o.o#4)............#
.......#)))...........#
..######.)............#
. #.)............#
#..............#
#..............#
#..............#
#..............#


You could see an orc knight, an orc high priest (strong), a hellwing (summoned,
pain bonded), an orc sorcerer (strong), 2 orc warriors, 3 orc priests, 2 orc
wizards and 3 orcs.

Vanquished Creatures
  Donald (Orc:2)
  An orc warlord (Orc:2)
  A boulder beetle (Lair:3)
  2 two-headed ogres (Orc:1)
  Urug (Lair:4)
  3 skysharks
  Pikel (D:8)
  2 lindwurms (Lair:3)
  2 harpies (Lair:3)
  An orc knight (Bailey)
  Joseph (D:8)
  Maggie (D:8)
  5 cane toads
  2 rime drakes
  9 komodo dragons
  3 trolls
  A hornet (D:9)
  Prince Ribbit (D:5)
  25 blink frogs
  A culicivora (Lair:3)
  Sigmund (D:3)
  A shadow (D:10)
  A wraith (D:9)
  A vampire (D:8)
  7 yaks
  Grum (D:8)
  4 basilisks
  A wyvern (Lair:3)
  A steam dragon (D:8)
  Menkaure (D:5)
  A warg (Orc:1)
  4 water moccasins
  A swamp drake (Lair:2)
  3 ice beasts (D:7)
  A sky beast (D:7)
  22 orc warriors
  2 black bears
  8 ogres
  8 wolves
  4 centaurs
  A phantom (D:5)
  6 kobold brigands
  13 bullfrogs
  2 scorpions
  A gnoll sergeant (D:7)
  17 wights
  17 killer bees
  An electric eel (Lair:2)
  7 howler monkeys
  A jelly (D:4)
  7 orc priests
  A sleepcap (D:7)
  2 gnoll boudas
  Ijyb (D:4)
  2 iguanas
  22 orc wizards
  13 gnolls
  5 adders
  A shadow imp (D:6)
  3 white imps
  A dart slug (D:1)
  53 orcs
  7 ball pythons
  5 bats (D:1)
  4 endoplasms
  4 giant cockroaches
  6 hobgoblins
  5 jackals
  28 kobolds
  4 quokkas
  8 frilled lizards
  9 goblins
  13 rats
407 creatures vanquished.

Vanquished Creatures (others)
  A warg (Orc:1)
  12 fungi
  16 plants
29 creatures vanquished.

Grand Total: 436 creatures vanquished

Notes
Turn   | Place    | Note
-------+----------+-------------------------------------------
     0 | D:1      | juan097 the Octopode Brigand began the quest for the Orb.
     0 | D:1      | Reached XP level 1. HP: 14/14 MP: 1/1
    73 | D:1      | Reached XP level 2. HP: 18/19 MP: 2/2
   622 | D:1      | Reached skill level 2 in Dodging
   768 | D:1      | Reached XP level 3. HP: 24/24 MP: 3/3
  1207 | D:2      | Found Wayler's Distillery.
  1283 | D:2      | Identified the +2 hat of Dithmenos's Fury {*Slow rF+ Regen+
                  | Slay+2}
  1514 | D:2      | Found a runed translucent door.
  1515 | D:2      | Noticed Crazy Yiuf
  1757 | D:2      | Reached XP level 4. HP: 26/29 MP: 4/4
  2207 | D:3      | Found a faded altar of an unknown god.
  2220 | D:3      | Noticed Sigmund
  2231 | D:3      | Killed Sigmund
  2232 | D:3      | Reached skill level 4 in Dodging
  2232 | D:3      | Reached XP level 5. HP: 34/34 MP: 5/5
  2232 | D:3      | Reached XP level 6. HP: 39/39 MP: 6/6
  2275 | D:3      | Prayed at the altar of an unknown god.
  2275 | D:3      | Became a worshipper of Uskayaw the Reveller
  2275 | D:3      | Reached * piety under Uskayaw
  2693 | D:4      | Reached ** piety under Uskayaw
  2696 | D:4      | Reached skill level 5 in Short Blades
  2846 | D:4      | Reached *** piety under Uskayaw
  2971 | D:4      | Reached skill level 1 in Invocations
  2971 | D:4      | Reached XP level 7. HP: 39/45 MP: 7/7
  2973 | D:4      | Reached **** piety under Uskayaw
  2999 | D:4      | Noticed Ijyb
  3002 | D:4      | Killed Ijyb
  3110 | D:4      | Found a staircase to the Ecumenical Temple.
  3235 | D:4      | Found an opulent altar of Gozag.
  3348 | D:4      | Found a glowing golden altar of the Shining One.
  3443 | D:4      | Found a burning altar of Makhleb.
  3738 | D:2      | Bought a potion of heal wounds for 70 gold pieces
  3738 | D:2      | Bought a potion of might for 56 gold pieces
  3853 | D:5      | Entered Level 5 of the Dungeon
  3911 | D:5      | Identified a scroll of acquirement
  3913 | D:5      | Acquired a +1 buckler of protection
  4068 | D:5      | Noticed Prince Ribbit
  4073 | D:5      | Killed Prince Ribbit
  4074 | D:5      | Reached skill level 1 in Shields
  4074 | D:5      | Reached XP level 8. HP: 51/51 MP: 11/11
  4282 | D:5      | Found a bloodstained altar of Trog.
  4324 | D:5      | Noticed Menkaure
  4326 | D:5      | Killed Menkaure
  4334 | D:5      | Found a sparkling altar of Nemelex Xobeh.
  4334 | D:5      | Found a broken altar of Ashenzari.
  4791 | D:2      | Bought a potion of invisibility for 112 gold pieces
  5685 | D:7      | Found a flagged portal.
  5720 | D:7      | Reached XP level 9. HP: 50/58 MP: 12/12
  5727 | D:7      | Reached ***** piety under Uskayaw
  5739 | Bailey   | Entered a bailey
  5820 | Bailey   | Noticed an orc knight
  6138 | Bailey   | Killed an orc knight
  6298 | D:7      | Reached XP level 10. HP: 61/65 MP: 13/13
  6429 | D:7      | Reached skill level 5 in Fighting
  6429 | D:7      | Reached skill level 5 in Invocations
  6766 | D:2      | Bought 2 potions of curing for 84 gold pieces
  6944 | D:7      | Reached skill level 5 in Dodging
  7345 | D:8      | Reached skill level 5 in Shields
  7431 | D:8      | Noticed Pikel
  7444 | D:8      | Killed Pikel
  7445 | D:8      | Reached skill level 1 in Ranged Weapons
  7738 | D:8      | Noticed Joseph
  7741 | D:8      | Killed Joseph
  7802 | D:8      | Noticed Grum
  7807 | D:8      | Killed Grum
  7877 | D:8      | Noticed Maggie
  8146 | D:8      | Killed Maggie
  8442 | D:9      | Reached skill level 10 in Stealth
  8479 | D:9      | Reached XP level 11. HP: 41/72 MP: 15/15
  8480 | D:9      | Reached skill level 6 in Dodging
  8560 | D:9      | Found a staircase to the Orcish Mines.
  8750 | D:9      | Reached skill level 10 in Short Blades
  8763 | D:9      | Found a white marble altar of Elyvilon.
  9084 | D:2      | Bought a potion of magic for 112 gold pieces
  9279 | D:10     | Entered Level 10 of the Dungeon
  9557 | D:10     | Found a staircase to the Lair.
  9593 | D:10     | Found a snail-covered altar of Cheibriados.
  9685 | D:10     | Found a portal to a secret trove of treasure.
 10316 | Lair:1   | Entered Level 1 of the Lair of Beasts
 10800 | Lair:1   | Reached skill level 7 in Dodging
 11602 | Lair:2   | Noticed an eight-headed hydra
 11680 | Lair:2   | Reached skill level 8 in Dodging
 11681 | Lair:2   | Reached XP level 12. HP: 71/82 MP: 18/18
 11737 | Lair:2   | Identified the +2 leather armour of Unreason {rF+ rC+}
 11789 | Lair:2   | Reached skill level 1 in Evocations
 11998 | Lair:2   | Noticed a skyshark
 12008 | Lair:2   | Killed a skyshark
 12255 | Lair:3   | Noticed a skyshark
 12270 | Lair:3   | Killed a skyshark
 12318 | Lair:3   | Noticed a boulder beetle
 12319 | Lair:3   | Noticed a six-headed hydra
 12329 | Lair:3   | Reached skill level 5 in Throwing
 12362 | Lair:3   | Reached ****** piety under Uskayaw
 12495 | Lair:3   | Noticed an eight-headed hydra
 12632 | Lair:3   | Found a staircase to the Shoals.
 12633 | Lair:3   | Reached skill level 9 in Dodging
 12739 | Lair:3   | Killed a boulder beetle
 12916 | Lair:4   | Noticed a skyshark
 12922 | Lair:4   | Killed a skyshark
 12923 | Lair:4   | Reached XP level 13. HP: 90/90 MP: 20/20
 12958 | Lair:4   | Noticed Urug
 12974 | Lair:4   | Reached skill level 5 in Evocations
 12979 | Lair:4   | Killed Urug
 13040 | Lair:3   | Found a hole to the Spider Nest.
 13795 | Orc:1    | Entered Level 1 of the Orcish Mines
 13830 | Orc:1    | Found Qiloah's General Store.
 13835 | Orc:1    | Found Perirucs's Specific Store.
 13923 | Orc:2    | Entered Level 2 of the Orcish Mines
 13945 | Orc:2    | Noticed Donald
 13963 | Orc:2    | Killed Donald
 13964 | Orc:2    | Reached skill level 10 in Invocations
 14105 | Orc:1    | Found Ollae's Antique Armour Emporium.
 14172 | Orc:1    | Reached skill level 10 in Dodging
 14183 | Orc:1    | Reached skill level 10 in Fighting
 14764 | Orc:2    | Found a staircase to the Elven Halls.
 14900 | Orc:2    | Noticed an orc warlord
 14923 | Orc:2    | Killed an orc warlord
 14924 | Orc:2    | Reached skill level 11 in Dodging
 14925 | Orc:2    | Killed from afar by an orc high priest

Illustrated notes

Levels and vault maps discovered:
D:1:      minmay_arrival_jagged, layout_rooms, serial_co_window_serial,
          co_window_corner_a, co_window_paths_a, co_window_paths_a,
          co_window_of_opportunity_a, co_window_corner_a, co_window_corner_a,
          co_window_of_opportunity_a, co_window_cross_3, co_window_paths_c,
          co_window_paths_c, co_window_corner_ca, co_window_of_opportunity_b,
          co_window_paths_d, co_window_4corner_a, glass_columns_a,
          glass_columns_c, glass_columns_c, minmay_octomino_c4
D:2:      layout_basic, serial_shops, shop, uniq_crazy_yiuf_cottage
D:3:      layout_basic, hellmonk_ecumenical_altar_lost_god, uniq_sigmund
D:4:      layout_loops_ring, kennysheep_little_box,
          nicolae_tso_swordbearing_angel, mainiacjoe_overflow_six_doors_small,
          temple_pool_b, uniq_ijyb
D:5:      layout_loops_ring, trog_butcher_becter,
          gammafunk_temple_overflow_elements, uniq_menkaure, uniq_prince_ribbit1
D:6:      kennysheep_spiral_hall, layout_basic
D:7:      layout_gridville, enter_bailey_5, minivault_1,
          minmay_misc_feat_columns
D:8:      layout_loops_ring, st_stairs_11, uniq_grum, uniq_pikel, uniq_joseph,
          uniq_maggie
D:9:      layout_roguey, lemuel_coloured_pillars_altar, orc_0_dummy
D:10:     layout_basic, mainiacjoe_overflow_catwalk,
          grunt_lair_entry_orc_guard_hut, enter_trove_2
Lair:1:   layout_layer_cave
Lair:2:   layout_big_grid, fungi_pond_lemuel, grunt_megastairs_1,
          infiniplex_staircase_pool
Lair:3:   layout_gridlike, nicolae_shoals_entry_roost,
          hellmonk_spider_entry_life_and_decay, beast_lair_carwin_6
Lair:4:   layout_cave_pods, minmay_slime_entry_oklob_enclosed, uniq_urug
Orc:1:    layout_diamond_mine, serial_shops, shop, nicolae_specific_store
Orc:2:    st_orc_congregation, layout_diamond_mine, uniq_donald

Skill      XL: |  1  2  3  4  5  6  7  8  9 10 11 12 13 |
---------------+----------------------------------------+-----
Dodging        | 2 4 5 8 9 11 | 11.1
Short Blades   | 3 4 5 6 8 9 10 | 10.0
Invocations    | 1 4 6 8 9 10 | 10.0
Shields        | 1 3 4 5 6 |  6.0
Stealth        | 7 8 10 | 10.0
Fighting       | 4 6 8 9 10 | 10.0
Throwing       | 3 4 6 |  6.0
Ranged Weapons | 2 |  2.0
Evocations     | 4 6 |  6.0

Action                     |  1- 3 |  4- 6 |  7- 9 | 10-12 | 13-15 || total
---------------------------+-------+-------+-------+-------+-------++-------
  Melee: Dagger            |    56 |    43 |   140 |   446 |   194 ||   879
         Constrict         |    12 |     8 |    24 |    75 |    38 ||   157
         Tentacles         |    10 |     5 |    35 |   128 |    55 ||   233
         Punch             |     2 |       |     2 |     6 |     3 ||    13
   Fire: Shortbow          |       |    35 |     3 |       |       ||    38
         Sling             |       |       |     7 |    19 |    10 ||    36
  Throw: Dart              |     5 |     2 |    12 |    28 |     7 ||    54
         Throwing net      |       |       |       |     1 |       ||     1
 Invoke: Line Pass         |       |       |       |     2 |       ||     2
         Grand Finale      |       |       |       |     1 |     1 ||     2
  Evoke: Wand              |       |       |       |     5 |     3 ||     8
    Use: Scroll            |       |       |     9 |     9 |     6 ||    24
         Potion            |       |       |       |     3 |     4 ||     7
   Stab: Sleeping          |    13 |     7 |    26 |    23 |     4 ||    73
         Paralysed         |       |     2 |     3 |    34 |     8 ||    47
         Held in net/web   |       |       |       |     1 |       ||     1
         Distracted        |       |       |       |     2 |       ||     2
 Armour: Skin              |     2 |     3 |    10 |    34 |    14 ||    63
  Dodge: Dodged            |    22 |    12 |    28 |   133 |    77 ||   272
  Block: Other             |       |     3 |     2 |       |       ||     5
         Buckler           |       |       |    46 |   154 |    69 ||   269
         Reflection        |       |       |     2 |     1 |     4 ||     7

Table legend: (Time is in decaauts)
 A = Elapsed time spent in this place.
 B = Non-inter-level travel time spent in this place.
 C = Inter-level travel time spent in this place.
 D = Time resting spent in this place.
 E = Time spent auto-exploring this place.
 F = Levels seen in this place.
 G = Mean time per level.
                   A        B        C        D        E       F      G
               +--------+--------+--------+--------+--------+-----+--------+
         Total |  14601 |  12626 |   1975 |     88 |   8976 |  17 |  858.9 |
       Dungeon |   9803 |   8187 |   1616 |      0 |   6302 |  10 |  980.3 |
          Lair |   3301 |   2962 |    339 |     66 |   1917 |   4 |  825.2 |
  Orcish Mines |   1057 |   1038 |     19 |     22 |    669 |   2 |  528.5 |
        Bailey |    439 |    439 |      0 |      0 |     88 |   1 |  439.0 |
               +--------+--------+--------+--------+--------+-----+--------+

Top non-repeatable levels by time:
  Lair:1: 1264 daAuts
     D:2: 1177 daAuts
     D:4: 1173 daAuts
     D:1: 1094 daAuts
     D:8: 1044 daAuts
     D:3: 1041 daAuts
    D:10: 1040 daAuts
     D:7: 1009 daAuts
     D:5: 822 daAuts
  Lair:2: 801 daAuts
     D:6: 760 daAuts
  Lair:4: 661 daAuts
     D:9: 639 daAuts
   Orc:2: 627 daAuts
  Lair:3: 575 daAuts
